General information
- name: BNet
- type: Ladder team game (AT/RT)
- host: Battle.net
- saver: Shadow303
map: FullScaleAssault
- players: 8
- length: 23:01
- speed: Fast
- version: 1.26 W3XP
- replay type: Public
» download(172 KB)
Players
team 1 (loser)
Nigers-R-Apes (
red | 48 APM | 893 actions | 18:33)
4 Paladin
2 Holy Light
2 Devotion Aura
2 Mountain King
1 Storm Bolt
1 Bash
» actions
| Basic commands | 2 | |
| Build / train | 80 | |
| Enter build submenu | 33 | |
| Enter hero's abilities submenu | 6 | |
| Give item / drop item | 2 | |
| Remove unit from queue | 3 | |
| Right click | 390 | |
| Select / deselect | 315 | |
| Use ability | 62 | |
893 total
» units
| Peasant | 18 | |
| Footman | 7 | |
| Goblin Shredder | 2 | |
| Mortar Team | 2 | |
| Goblin Zeppelin | 1 | |
| Knight | 3 | |
| Priest | 3 | |
| Siege Engine | 4 | |
40 total
» upgrades
| Masonry | 2 | |
| Defend | 1 | |
| Lumber Harvesting | 1 | |
| Gunpowder | 2 | |
| Swords | 3 | |
| Plating | 3 | |
| Armor | 0 | |
| Flare | 1 | |
| Animal War Training | 1 | |
| Priest Training | 2 | |
| Barrage | 1 | |
| Fragmentation Shards | 1 | |
| Magic Sentry | 1 | |
19 total
» buildings
| Altar of Kings | 1 | |
| Farm | 14 | |
| Lumber Mill | 1 | |
| Barracks | 2 | |
| Town Hall | 2 | |
| Arcane Vault | 2 | |
| Keep | 2 | |
| Blacksmith | 3 | |
| Castle | 1 | |
| Workshop | 2 | |
| Arcane Sanctum | 1 | |
| Scout Tower | 2 | |
| Arcane Tower | 1 | |
| Cannon Tower | 1 | |
35 total
» build order
00:10 Altar of Kings
00:14 Farm
01:17 Farm
01:22 Lumber Mill
01:25 Barracks
02:17 Farm
02:21 Farm
04:29 Town Hall
04:34 Arcane Vault
04:51 Farm
05:51 Keep
05:55 Farm
06:11 Arcane Vault
06:30 Barracks
06:37 Farm
07:16 Blacksmith
07:18 Blacksmith
07:23 Blacksmith
07:46 Farm
08:15 Castle
08:38 Workshop
08:41 Workshop
08:43 Arcane Sanctum
09:57 Farm
11:25 Farm
12:17 Scout Tower
12:50 Town Hall
13:04 Arcane Tower
13:06 Scout Tower
13:12 Farm
13:13 Farm
14:25 Farm
14:27 Farm
14:35 Cannon Tower
18:06 Keep
» items
| Scroll of Town Portal | 2 | |
| Potion of Healing | 1 | |
3 total

»
Shadow303 (
yellow | 68 APM | 1570 actions | 23:01)
6 Lich
3 Frost Nova
2 Dark Ritual
1 Death and Decay
» actions
| Assign group hotkey | 3 | |
| Basic commands | 90 | |
| Build / train | 56 | |
| ESC pressed | 4 | |
| Enter build submenu | 17 | |
| Enter hero's abilities submenu | 6 | |
| Give item / drop item | 7 | |
| Right click | 1055 | |
| Select / deselect | 256 | |
| Select group hotkey | 15 | |
| Use ability | 61 | |
1570 total
» units
| Acolyte | 7 | |
| Ghoul | 4 | |
| Crypt Fiend | 10 | |
| Peasant | 1 | |
22 total
» upgrades
| Web | 1 | |
| Burrow | 1 | |
| Creature Attack | 3 | |
| Creature Carapace | 3 | |
| Ghoul Frenzy | 1 | |
9 total
» buildings
| Ziggurat | 8 | |
| Crypt | 3 | |
| Altar of Darkness | 1 | |
| Graveyard | 3 | |
| Tomb of Relics | 1 | |
| Halls of the Dead | 1 | |
| Spirit Tower | 8 | |
| Black Citadel | 1 | |
| Town Hall | 1 | |
27 total
» build order
00:10 Ziggurat
00:29 Crypt
00:44 Altar of Darkness
01:02 Ziggurat
01:33 Graveyard
02:32 Crypt
02:37 Tomb of Relics
03:46 Halls of the Dead
04:40 Spirit Tower
04:48 Ziggurat
05:31 Ziggurat
05:59 Spirit Tower
06:02 Ziggurat
06:09 Ziggurat
07:20 Spirit Tower
10:03 Black Citadel
11:46 Graveyard
11:49 Graveyard
13:26 Ziggurat
13:27 Ziggurat
16:05 Spirit Tower
16:06 Spirit Tower
16:15 Spirit Tower
16:50 Crypt
20:36 Town Hall
» items
| Rod of Necromancy | 1 | |
| Scroll of Town Portal | 3 | |
| Boots of Speed | 1 | |
| Dust of Appearance | 1 | |
| Orb of Corruption | 1 | |
| Scroll of Regeneration | 1 | |
8 total
ICECOLDBEERHERE (
teal | 26 APM | 595 actions | 22:57)
3 Crypt Lord
2 Impale
1 Spiked Carapace
» actions
| Build / train | 82 | |
| Enter build submenu | 25 | |
| Enter hero's abilities submenu | 5 | |
| Give item / drop item | 1 | |
| Right click | 256 | |
| Select / deselect | 190 | |
| Use ability | 36 | |
595 total
» units
| Acolyte | 10 | |
| Ghoul | 4 | |
| Gargoyle | 41 | |
55 total
» upgrades
| Creature Attack | 3 | |
| Creature Carapace | 3 | |
6 total
» buildings
| Ziggurat | 15 | |
| Altar of Darkness | 1 | |
| Crypt | 2 | |
| Tomb of Relics | 1 | |
| Nerubian Tower | 4 | |
| Halls of the Dead | 1 | |
| Graveyard | 1 | |
| Black Citadel | 1 | |
| Spirit Tower | 7 | |
33 total
» build order
00:08 Ziggurat
00:11 Altar of Darkness
00:46 Crypt
01:03 Tomb of Relics
01:30 Ziggurat
01:34 Nerubian Tower
03:06 Crypt
03:21 Halls of the Dead
04:10 Nerubian Tower
04:17 Ziggurat
04:36 Ziggurat
04:47 Ziggurat
05:58 Graveyard
06:50 Ziggurat
07:13 Black Citadel
07:50 Spirit Tower
08:04 Spirit Tower
08:17 Spirit Tower
08:32 Spirit Tower
11:11 Ziggurat
12:10 Nerubian Tower
15:03 Ziggurat
15:08 Ziggurat
15:11 Ziggurat
15:52 Ziggurat
15:58 Spirit Tower
16:24 Spirit Tower
17:11 Spirit Tower
17:14 Ziggurat
17:27 Ziggurat
17:31 Ziggurat
17:38 Ziggurat
20:59 Nerubian Tower
» items
| Rod of Necromancy | 1 | |
| Potion of Healing | 1 | |
| Potion of Mana | 1 | |
| Orb of Corruption | 1 | |
4 total

»
Antrax221 (
pink | 65 APM | 1496 actions | 22:52)
2 Keeper of the Grove
1 Entangling Roots
1 Force of Nature
» actions
| Assign group hotkey | 16 | |
| Basic commands | 8 | |
| Build / train | 70 | |
| Enter build submenu | 26 | |
| Enter hero's abilities submenu | 2 | |
| Remove unit from queue | 3 | |
| Right click | 637 | |
| Select / deselect | 213 | |
| Select group hotkey | 463 | |
| Use ability | 58 | |
1496 total
» units
| Wisp | 27 | |
| Druid of the Claw | 11 | |
| Hippogryph | 10 | |
48 total
» upgrades
| Reinforced Hides | 3 | |
| Strength of the Wild | 3 | |
| Druid of the Claw Training | 2 | |
| Mark of the Claw | 1 | |
| Backpack | 1 | |
| Nature's Blessing | 1 | |
11 total
» buildings
| Moon Well | 9 | |
| Altar of Elders | 1 | |
| Hunter's Hall | 1 | |
| Ancient of Wonders | 1 | |
| Tree of Ages | 1 | |
| Tree of Life | 1 | |
| Ancient of Lore | 2 | |
| Tree of Eternity | 1 | |
| Ancient Protector | 8 | |
| Ancient of Wind | 1 | |
| Farm | 1 | |
27 total
» build order
00:26 Moon Well
01:00 Altar of Elders
01:20 Moon Well
02:04 Hunter's Hall
02:26 Ancient of Wonders
03:04 Moon Well
03:29 Tree of Ages
05:08 Moon Well
05:52 Tree of Life
06:05 Ancient of Lore
06:07 Ancient of Lore
06:14 Moon Well
06:57 Tree of Eternity
07:38 Moon Well
08:32 Moon Well
10:35 Moon Well
12:37 Ancient Protector
12:40 Ancient Protector
12:46 Ancient Protector
13:04 Ancient Protector
13:19 Ancient Protector
13:25 Ancient Protector
14:41 Ancient Protector
16:18 Ancient of Wind
20:24 Moon Well
20:51 Farm
21:18 Ancient Protector
» items
| Lesser Clarity Potion | 1 | |
| Dust of Appearance | 1 | |
| Scroll of Town Portal | 1 | |
3 total
team 2 (winner)
Mezzanine (
blue | 84 APM | 1938 actions | 23:01)
5 Death Knight
3 Death Coil
2 Unholy Aura
3 Lich
2 Frost Nova
1 Frost Armor
2 Dark Ranger
1 Black Arrow
1 Silence
» actions
| Assign group hotkey | 49 | |
| Build / train | 125 | |
| Enter build submenu | 44 | |
| Enter hero's abilities submenu | 11 | |
| Remove unit from queue | 3 | |
| Right click | 1020 | |
| Select / deselect | 410 | |
| Select group hotkey | 144 | |
| Use ability | 132 | |
1938 total
» units
| Acolyte | 19 | |
| Ghoul | 8 | |
| Crypt Fiend | 7 | |
| Goblin Zeppelin | 1 | |
| Obsidian Statue | 2 | |
| Frost Wyrm | 3 | |
| Banshee | 5 | |
45 total
» upgrades
| Creature Carapace | 1 | |
| Web | 1 | |
| Destroyer Form | 1 | |
| Banshee Training | 2 | |
| Freezing Breath | 1 | |
| Creature Attack | 1 | |
| Burrow | 1 | |
8 total
» buildings
| Graveyard | 1 | |
| Crypt | 1 | |
| Altar of Darkness | 1 | |
| Ziggurat | 26 | |
| Tomb of Relics | 1 | |
| Halls of the Dead | 4 | |
| Slaughterhouse | 1 | |
| Black Citadel | 2 | |
| Necropolis | 2 | |
| Temple of the Damned | 1 | |
| Sacrificial Pit | 1 | |
| Boneyard | 2 | |
| Nerubian Tower | 9 | |
| Spirit Tower | 20 | |
72 total
» build order
00:10 Graveyard
00:13 Crypt
00:44 Altar of Darkness
01:00 Ziggurat
01:28 Ziggurat
01:50 Tomb of Relics
03:15 Halls of the Dead
04:01 Ziggurat
04:59 Ziggurat
06:03 Slaughterhouse
06:29 Black Citadel
07:36 Necropolis
07:39 Ziggurat
08:33 Ziggurat
09:23 Temple of the Damned
11:18 Sacrificial Pit
11:40 Ziggurat
12:23 Ziggurat
12:24 Ziggurat
12:25 Ziggurat
12:33 Boneyard
13:01 Boneyard
13:22 Nerubian Tower
13:23 Spirit Tower
13:23 Spirit Tower
14:35 Ziggurat
14:35 Ziggurat
14:36 Ziggurat
14:37 Ziggurat
14:40 Necropolis
15:10 Spirit Tower
15:10 Spirit Tower
15:31 Spirit Tower
15:31 Spirit Tower
15:33 Nerubian Tower
15:33 Nerubian Tower
15:35 Ziggurat
15:37 Ziggurat
15:39 Ziggurat
15:40 Ziggurat
16:33 Spirit Tower
16:33 Spirit Tower
16:35 Nerubian Tower
16:38 Ziggurat
16:39 Ziggurat
16:40 Ziggurat
16:45 Ziggurat
16:48 Nerubian Tower
17:23 Halls of the Dead
17:35 Ziggurat
17:39 Spirit Tower
17:39 Spirit Tower
17:49 Spirit Tower
17:52 Nerubian Tower
17:53 Nerubian Tower
20:16 Spirit Tower
20:16 Spirit Tower
20:20 Ziggurat
20:25 Spirit Tower
20:25 Spirit Tower
22:13 Spirit Tower
22:13 Spirit Tower
22:16 Ziggurat
22:17 Ziggurat
» items
| Rod of Necromancy | 4 | |
| Orb of Corruption | 1 | |
5 total

»
actlnAfooooo (
green | 52 APM | 1207 actions | 23:01)
6 Priestess of the Moon
2 Searing Arrows
3 Trueshot Aura
1 Starfall
3 Keeper of the Grove
2 Entangling Roots
1 Thorns Aura
» actions
| Assign group hotkey | 16 | |
| Build / train | 74 | |
| Enter build submenu | 25 | |
| Enter hero's abilities submenu | 9 | |
| Give item / drop item | 7 | |
| Remove unit from queue | 2 | |
| Right click | 477 | |
| Select / deselect | 238 | |
| Select group hotkey | 305 | |
| Use ability | 54 | |
1207 total
» units
| Wisp | 29 | |
| Archer | 6 | |
| Chimaera | 4 | |
| Hippogryph | 2 | |
41 total
» upgrades
| Nature's Blessing | 1 | |
| Ultravision | 1 | |
| Strength of the Wild | 3 | |
| Reinforced Hides | 3 | |
| Well Spring | 1 | |
| Corrosive Breath | 1 | |
10 total
» buildings
| Moon Well | 8 | |
| Altar of Elders | 1 | |
| Ancient of War | 1 | |
| Ancient of Wonders | 1 | |
| Tree of Life | 1 | |
| Tree of Ages | 1 | |
| Hunter's Hall | 1 | |
| Ancient Protector | 5 | |
| Tree of Eternity | 1 | |
| Ancient of Wind | 3 | |
| Chimaera Roost | 4 | |
27 total
» build order
00:20 Moon Well
00:59 Altar of Elders
01:12 Ancient of War
01:18 Moon Well
01:51 Ancient of Wonders
02:06 Moon Well
04:39 Tree of Life
04:54 Tree of Ages
05:07 Hunter's Hall
05:34 Moon Well
06:50 Ancient Protector
06:54 Ancient Protector
06:58 Ancient Protector
07:02 Ancient Protector
07:06 Ancient Protector
08:05 Tree of Eternity
09:25 Ancient of Wind
09:27 Ancient of Wind
09:44 Moon Well
09:47 Moon Well
09:49 Moon Well
11:15 Chimaera Roost
11:16 Chimaera Roost
11:17 Chimaera Roost
11:18 Chimaera Roost
11:38 Moon Well
12:32 Ancient of Wind
» items
| Potion of Healing | 2 | |
| Staff of Preservation | 1 | |
| Scroll of Town Portal | 2 | |
| Boots of Speed | 1 | |
| Potion of Lesser Invulnerability | 1 | |
| Scroll of Protection | 1 | |
8 total
Turdfurgason (
orange | 47 APM | 1077 actions | 23:01)
5 Mountain King
3 Storm Bolt
2 Bash
4 Archmage
2 Summon Water Elemental
2 Brilliance Aura
3 Paladin
2 Holy Light
1 Divine Shield
» actions
| Basic commands | 1 | |
| Build / train | 94 | |
| Enter build submenu | 27 | |
| Enter hero's abilities submenu | 12 | |
| Give item / drop item | 6 | |
| Remove unit from queue | 4 | |
| Right click | 450 | |
| Select / deselect | 426 | |
| Use ability | 57 | |
1077 total
» units
| Peasant | 13 | |
| Rifleman | 11 | |
| Priest | 5 | |
| Spell Breaker | 2 | |
| Sorceress | 5 | |
| Blue Dragon | 1 | |
| Blue Drake | 1 | |
38 total
» upgrades
| Gunpowder | 3 | |
| Armor | 3 | |
| Masonry | 3 | |
| Lumber Harvesting | 2 | |
| Priest Training | 2 | |
| Long Rifles | 1 | |
| Sorceress Training | 2 | |
| Control Magic | 1 | |
| Plating | 2 | |
| Magic Sentry | 1 | |
20 total
» buildings
| Altar of Kings | 1 | |
| Farm | 10 | |
| Barracks | 1 | |
| Blacksmith | 1 | |
| Arcane Vault | 1 | |
| Lumber Mill | 1 | |
| Town Hall | 1 | |
| Scout Tower | 8 | |
| Keep | 1 | |
| Arcane Tower | 1 | |
| Guard Tower | 6 | |
| Arcane Sanctum | 2 | |
| Castle | 1 | |
35 total
» build order
00:09 Altar of Kings
00:15 Farm
01:22 Barracks
01:24 Blacksmith
01:35 Farm
01:51 Farm
02:05 Arcane Vault
03:53 Lumber Mill
04:21 Farm
05:22 Town Hall
05:24 Scout Tower
05:30 Scout Tower
05:39 Keep
05:55 Farm
07:07 Farm
07:19 Arcane Tower
07:20 Guard Tower
07:25 Scout Tower
07:52 Scout Tower
07:54 Guard Tower
08:08 Arcane Sanctum
08:13 Arcane Sanctum
08:52 Castle
09:48 Farm
11:26 Farm
11:43 Farm
14:27 Guard Tower
14:33 Scout Tower
14:34 Scout Tower
14:37 Scout Tower
14:40 Scout Tower
15:47 Guard Tower
15:54 Farm
16:33 Guard Tower
16:38 Guard Tower
» items
| Healing Salve | 1 | |
| Lesser Clarity Potion | 1 | |
| Scroll of Speed | 1 | |
| Potion of Healing | 3 | |
| Scroll of Town Portal | 2 | |
8 total
13l_lM-53X (
purple | 53 APM | 1211 actions | 23:01)
5 Blademaster
2 Wind Walk
3 Critical Strike
» actions
| Build / train | 57 | |
| Enter build submenu | 24 | |
| Enter hero's abilities submenu | 6 | |
| Give item / drop item | 3 | |
| Right click | 784 | |
| Select / deselect | 267 | |
| Use ability | 70 | |
1211 total
» units
» upgrades
| Ranged Weapons | 3 | |
| Armor | 3 | |
| Spiked Barricades | 2 | |
| Envenomed Spears | 1 | |
| Liquid Fire | 1 | |
| Reinforced Defenses | 1 | |
| Melee Weapons | 1 | |
12 total
» buildings
| Altar of Storms | 1 | |
| Orc Burrow | 8 | |
| Voodoo Lounge | 1 | |
| War Mill | 1 | |
| Great Hall | 1 | |
| Watch Tower | 11 | |
| Stronghold | 1 | |
| Fortress | 1 | |
| Beastiary | 2 | |
| Tauren Totem | 2 | |
29 total
» build order
00:05 Altar of Storms
00:08 Orc Burrow
01:22 Voodoo Lounge
01:44 Orc Burrow
02:39 War Mill
03:38 Great Hall
04:15 Watch Tower
04:16 Watch Tower
04:19 Orc Burrow
04:20 Orc Burrow
05:15 Stronghold
05:21 Orc Burrow
06:39 Orc Burrow
06:48 Watch Tower
06:52 Watch Tower
09:32 Fortress
09:36 Beastiary
09:37 Beastiary
09:43 Orc Burrow
09:52 Orc Burrow
12:46 Watch Tower
12:50 Watch Tower
12:52 Watch Tower
12:57 Watch Tower
16:02 Watch Tower
16:02 Watch Tower
16:04 Watch Tower
21:30 Tauren Totem
21:31 Tauren Totem
» items
| Healing Salve | 1 | |
| Boots of Speed | 1 | |
| Potion of Lesser Invulnerability | 1 | |
| Orb of Lightning | 1 | |
| Lesser Clarity Potion | 1 | |
| Potion of Healing | 1 | |
| Scroll of Town Portal | 1 | |
7 total
Chat log
(00:15 / Allies) Antrax221: bears ok?
(00:19 / Allies) ICECOLDBEERHERE: k
(00:25 / Allies) ICECOLDBEERHERE: i got aa
(00:29 / Allies) Antrax221: ok bears
(00:35 / Allies) Antrax221: red?
(00:36 / Allies) Shadow303: mass fiends here
(01:10 / Allies) Antrax221: teal lets cleal mines with heros
(03:12 / Allies) Antrax221: come teal
(03:41 / Allies) Shadow303: techer
(04:12 / Allies) Shadow303: tower up the mains
(04:21 / Allies) Shadow303: purple going
(04:22 / Allies) Shadow303: mass bats
(04:27 / Allies) Shadow303: tower up mains
(10:58 / Allies) Shadow303: i think purple
(11:00 / Allies) Shadow303: map hacks
(11:13 / Allies) Antrax221: what is it with ppl and cheating man
(11:17 / Allies) Antrax221: if your bad your bad
(11:39 / All) ICECOLDBEERHERE: is purp a map hacker?
(11:42 / Allies) Shadow303: must be
(11:56 / All) 13l_lM-53X: only if it makes you happy baby
(12:28 / Allies) Shadow303: ty
(12:34 / Allies) Shadow303: he has mass bats
(12:37 / Allies) Shadow303: im sure
(12:45 / Allies) Shadow303: and he dont want to attack pink
(12:47 / Allies) Shadow303: knowing I am there
(12:58 / Allies) Shadow303: this proves it
(13:04 / Allies) Shadow303: he must be hacking
(13:06 / Allies) Shadow303: that purple!
(13:34 / All) Turdfurgason: who map hacks?
(13:42 / All) Antrax221: my mom
(13:55 / All) 13l_lM-53X: his mom hacks into my bum hole
(14:05 / All) Antrax221: eww
(14:20 / Allies) Shadow303: see
(14:25 / Allies) Shadow303: mass bats
(14:51 / Allies) Shadow303: let;'s hit?
(14:56 / Allies) Shadow303: his bats are gone
(15:04 / Allies) Shadow303: come with us
(15:04 / Allies) Antrax221: 100 food
(15:04 / Allies) Shadow303: now
(15:32 / Allies) Shadow303: well
(15:34 / Allies) Shadow303: i am stocked
(15:36 / Allies) Shadow303: and ready to go
(15:40 / Allies) Nigers-R-Apes: lets hit
(15:44 / Allies) Shadow303: omg COME
(16:04 / Allies) Nigers-R-Apes: omw
(16:33 / Allies) Antrax221: teal is 41/100
(16:40 / Allies) Nigers-R-Apes: roflz
(17:00 / Allies) Nigers-R-Apes: top is towered
(17:00 / Allies) Nigers-R-Apes: now
(17:01 / Allies) Nigers-R-Apes: no
(17:07 / Allies) Shadow303: good
(17:44 / Allies) Shadow303: tp to me
(18:40 / Allies) Shadow303: not even
(18:41 / Allies) Shadow303: there
(18:43 / Allies) Shadow303: with my fiends
(18:47 / All) Shadow303: gg
(18:49 / All) Shadow303: we lost
(18:54 / All) Shadow303: well done
(19:04 / All) Shadow303: distracted me well with bats
(19:08 / All) Shadow303: but my stupid ally
(19:12 / All) Shadow303: didn't towered himself
(19:16 / All) Shadow303: that was the problem
(20:10 / Allies) Shadow303: bastard
(20:13 / Allies) Shadow303: after him
(20:18 / Allies) Shadow303: use gargs
(20:22 / Allies) Shadow303: chase after chims
(21:08 / All) Turdfurgason: web...
(21:23 / Allies) Shadow303: get back
(21:27 / Allies) Shadow303: go save him
(21:32 / Allies) Shadow303: bears NOW
(22:09 / All) Shadow303: screwed
(22:54 / All) Turdfurgason: gg